 Dungeon Crawl Stone Soup version 0.29.0-4-gdea44cf6ec (webtiles) character file.

Game seed: 16889300458053679800

50 qw the Chopper (level 3, -7/21 HPs)
             Began as a Tengu Warper on Aug 28, 2022.
             Mangled by Sigmund
             ... wielding a +4 scythe of pain
              (8 damage)
             ... on level 2 of the Dungeon.
             The game lasted 00:00:04 (1311 turns).

qw the Chopper (Tengu Warper)                       Turns: 1311, Time: 00:00:05

Health: -7/21      AC:  5    Str: 13    XL:     3   Next: 79%
Magic:  7/7        EV: 11    Int: 13    God:
Gold:   63         SH:  0    Dex: 13    Spells: 6/6 levels left

rFire   . . .      SeeInvis .   Y - +0 hand axe (freeze)
rCold   . . .      Faith    .   (no shield)
rNeg    . . .      Spirit   .   d - +0 ring mail
rPois   .          Reflect  .   (helmet restricted)
rElec   .          Harm     .   (no cloak)
rCorr   .          Rampage  .   (no gloves)
Will    .....                   (boots unavailable)
Stlth   +.........              (no amulet)
HPRegen 0.07/turn               (no ring)
MPRegen 0.10/turn               (no ring)

@: no status effects
A: beak, talons 3
a: no special abilities


You were on level 2 of the Dungeon.
You visited 1 branch of the dungeon, and saw 2 of its levels.

You collected 63 gold pieces.


Innate Abilities, Weirdness & Mutations

You have a beak for a mouth.
You have claws for feet.


   Skills:
 - Level 2.0 Fighting
 + Level 4.4 Axes
 - Level 1.0 Throwing
 - Level 1.1 Armour
 - Level 2.1 Dodging
 - Level 2.0 Spellcasting
 - Level 2.4 Translocations


You had 6 spell levels left.
You didn't know any spells.
Your spell library contained the following spells:

 Spells                   Type           Power      Damage    Failure   Level
 Blink                    Tloc           14%        N/A       30%         2
 Gell's Gravitas          Tloc           7%         N/A       52%         3
 Lesser Beckoning         Tloc           7%         N/A       52%         3
 Teleport Other           Tloc           7%         N/A       52%         3
 Manifold Assault         Tloc           7%         N/A       99%         5

Inventory:

Hand Weapons
 j - a +0 club
 Y - a +0 hand axe of freezing (weapon)
Armour
 d - a +0 ring mail (worn)
Scrolls
 b - 2 scrolls of identify
Potions
 a - a potion of might {unknown}
 h - a potion of brilliance {unknown}
 i - a potion of flight {unknown}
 k - a potion of curing {unknown}

Dungeon Overview and Level Annotations

Branches:
Dungeon (2/15)

Altars:

Annotations:
D:2 Sigmund


Message History

You freeze the ball python.
You kill the ball python!
You see here a ball python corpse.
A goblin comes into view. It is wielding a +0 club.
The goblin shouts!
You barely miss the goblin. You punch the goblin.
You kill the goblin!
Sigmund the Dreaded comes into view.
He is wielding a +4 scythe of pain.
1301 ||| Stepping ~*~*~tactically~*~*~ (stealth).
Sigmund and a quokka come into view.
Sigmund is wielding a +4 scythe of pain.
Sigmund shouts!
1303 ||| Stepping ~*~*~tactically~*~*~ (hiding).
You start waiting.
A quokka is nearby!
You hit the quokka. You freeze the quokka. Your kick misses the quokka.
Your peck misses the quokka.
The quokka is heavily wounded.
The quokka bites you but does no damage.
You closely miss the quokka. Your peck misses the quokka.
The quokka is heavily wounded.
The quokka misses you.
Sigmund mumbles some strange words.
Sigmund flickers and vanishes!
Deactivating autopickup; reactivate with Ctrl-A.
You closely miss the quokka. Your kick misses the quokka.
The quokka is heavily wounded.
The quokka bites you but does no damage.
Something hits you!
Ouch! That really hurt!
You writhe in agony.
The quokka bites you but does no damage.
You closely miss the quokka.
The quokka is heavily wounded.
The quokka barely misses you. Something hits you.
You hit the quokka. You freeze the quokka.
You kill the quokka!
You swing at nothing.
Something hits you!
You die...

#.......# #######.#
#.# #.#
#########.########
..................
#########.##########
#.%........##.###
####....@........
#.#####{##.##. #.#
.# #.# .# #.# r# #.#
@# ..# .. ### ..


There were no monsters in sight!

Vanquished Creatures
  2 adders (D:2)
  2 dart slugs
  3 bats
  5 endoplasms (D:1)
  2 giant cockroaches (D:1)
  2 goblins (D:2)
  2 jackals (D:2)
  A quokka (D:2)
  2 ball pythons
  4 kobolds
25 creatures vanquished.

Notes
Turn   | Place    | Note
-------+----------+-------------------------------------------
     0 | D:1      | qw the Tengu Warper began the quest for the Orb.
     0 | D:1      | Reached XP level 1. HP: 12/12 MP: 4/4
     0 | D:1      | 0 ||| qw: Version: 0.1-a-89-g26bdef1
     0 | D:1      | 0 ||| qw: Game counter: 612
     0 | D:1      | 0 ||| qw: Always use a shield: true
     0 | D:1      | 0 ||| qw: God list: Okawaru
     0 | D:1      | 0 ||| qw: Allow faded altars: false
     0 | D:1      | 0 ||| qw: Do Orc after D:15 true
     0 | D:1      | 0 ||| qw: Do second Lair branch before Depths: true
     0 | D:1      | 0 ||| qw: Lair rune preference: random
     0 | D:1      | 0 ||| qw: Plans: Normal
     0 | D:1      | 0 ||| PLANNING D:1-11
   465 | D:1      | Found a faded altar of an unknown god.
   532 | D:1      | Reached skill level 3 in Axes
   532 | D:1      | Reached XP level 2. HP: 17/17 MP: 6/6
   580 | D:1      | 580 ||| Stepping ~*~*~tactically~*~*~ (stealth).
   583 | D:1      | 583 ||| Stepping ~*~*~tactically~*~*~ (stealth).
   586 | D:1      | 586 ||| Stepping ~*~*~tactically~*~*~ (stealth).
   591 | D:1      | 591 ||| Stepping ~*~*~tactically~*~*~ (stealth).
   860 | D:1      | 860 ||| UPGRADING to +0 ring mail.
   870 | D:1      | 870 ||| DROPPING +0 leather armour.
   871 | D:1      | 871 ||| READING scroll labelled JIOTY XO YNA.
   872 | D:1      | 872 ||| READING scroll labelled KEANNO YBROFODGH.
  1001 | D:1      | 1001 ||| READING scroll labelled ZOFFAL VUSAY.
  1002 | D:1      | 1002 ||| DROPPING scroll of blinking.
  1021 | D:2      | Reached XP level 3. HP: 21/21 MP: 7/7
  1043 | D:2      | Reached skill level 4 in Axes
  1300 | D:2      | Noticed Sigmund
  1301 | D:2      | 1301 ||| Stepping ~*~*~tactically~*~*~ (stealth).
  1303 | D:2      | 1303 ||| Stepping ~*~*~tactically~*~*~ (hiding).
  1309 | D:2      | HP: 1/21 [something (6)]
  1311 | D:2      | Mangled by Sigmund

Levels and vault maps discovered:
D:1:      onia_arrival_pentagram, layout_basic, shapermc_ecumenical_altar_venn
D:2:      layout_loops_ring, uniq_sigmund

Skill      XL: |  1  2  3 |
---------------+----------+-----
Axes           | 3 4 |  4.4
Fighting       | |  2.0
Throwing       | |  1.0
Armour         | |  1.1
Dodging        | |  2.1
Spellcasting   | |  2.0
Translocations | |  2.4

Action                   || total
-------------------------++-------
Melee: Hand axe          ||    47
       Kick              ||     9
       Peck              ||     6
       Punch             ||     1
Throw: Boomerang         ||     7
  Use: Scroll            ||     3
Armor: Ring mail         ||    14
       Leather armour    ||     1
Dodge: Dodged            ||    27

Table legend:
 A = Non-vault XP
 B = Vault XP
 C = Vault XP percentage of total XP
 D = Non-vault monster count
 E = Vault monster count
 F = Vault count percentage of total count
                 A         B        C        D         E       F
            +---------+---------+-------+---------+---------+-------
      Total |      72 |       0 |   0.0 |      25 |       0 |   0.0
            +---------+---------+-------+---------+---------+-------
        D:1 |      27 |       0 |   0.0 |      14 |       0 |   0.0
        D:2 |      45 |       0 |   0.0 |      11 |       0 |   0.0
            +---------+---------+-------+---------+---------+-------
